 Dungeon Crawl Stone Soup version 0.30-a0-702-gdf48620a09 (webtiles) character file.

Game seed: 5663055859490164814

95 KennySheep the Chopper (level 4, -7/40 HPs)
             Began as a Hill Orc Fighter on Jan 21, 2023.
             Was an Initiate of Fedhas.
             Mangled by a gnoll
             ... wielding a +2 heavy spear
              (12 damage)
             ... on level 2 of the Dungeon.
             The game lasted 00:03:56 (1257 turns).

KennySheep the Chopper (Hill Orc Fighter)           Turns: 1257, Time: 00:03:56

Health: -7/40      AC:  6    Str: 17 (20) XL:     4   Next: 66%
Magic:  4/5        EV:  9    Int:  7 (8)  God:    Fedhas [......]
Gold:   152        SH:  4    Dex:  8 (10) Spells: 3/3 levels left

rFire   . . .      SeeInvis .    a - +0 war axe
rCold   . . .      Faith    .    c - +0 buckler
rNeg    . . .      Spirit   .    b - +0 scale mail
rPois   .          Reflect  .    (no helmet)
rElec   .          Harm     .    (no cloak)
rCorr   .          Rampage  .    (no gloves)
Will    .....                    (no boots) Stlth
                                 (no amulet)
HPRegen 0.26/turn                (no ring)
MPRegen 0.09/turn                (no ring)

@: mighty, lethally poisoned (-7 -> -11)
A: no striking features
a: Renounce Religion


You were on level 2 of the Dungeon.
You worshipped Fedhas.
Fedhas was noncommittal.
You visited 1 branch of the dungeon, and saw 2 of its levels.

You collected 152 gold pieces.

Inventory:

Hand Weapons
 a - a +0 war axe (weapon)
Missiles
 j - 2 javelins (quivered)
Armour
 b - a +0 scale mail (worn)
 c - a +0 buckler (worn)
Jewellery
 e - a ring of wizardry
Scrolls
 f - 2 scrolls of immolation {unknown}
 h - a scroll of poison {unknown}
 i - a scroll of magic mapping {unknown}
 k - a scroll of identify {unknown}
 l - a scroll of amnesia {unknown}
 m - a scroll of teleportation {unknown}
 n - a scroll of blinking {unknown}
 o - a scroll of enchant weapon {unknown}
Potions
 d - a potion of might
 g - a potion of degeneration
 p - a potion of magic {unknown}
 q - a potion of heal wounds {unknown}


   Skills:
 - Level 3.7 Fighting
 * Level 5.6 Axes
 - Level 3.4 Armour
 - Level 3.4 Shields
 + Level 1.5 Invocations


You had 3 spell levels left.
You didn't know any spells.
Your spell library was empty.

Dungeon Overview and Level Annotations

Branches:
Dungeon (2/15)

Altars:
Fedhas


Message History

The gnoll hits you from afar with a +2 spear of venom.
The gnoll hits you from afar with a +2 heavy spear.
The gnoll barely misses you.
You see here a frilled lizard corpse.
You hit the gnoll.
The gnoll is lightly wounded.
You barely miss the gnoll. The gnoll completely misses you.
The gnoll hits you with a +2 spear of venom.
The gnoll hits you but does no damage.
You are poisoned.
You hit the gnoll.
The gnoll is moderately wounded.
You hit the gnoll.
You feel very sick. You block the gnoll's attack.
The gnoll hits you with a +2 spear of venom.
You are more poisoned.
You hit the gnoll.
The gnoll is severely wounded.
You slash the gnoll!
You kill the gnoll!
Fedhas appreciates your contribution to the ecosystem.
You feel very sick.
The gnoll hits you with a +2 heavy spear!
* * * LOW HITPOINT WARNING * * *
It was a potion of degeneration.
There was something very wrong with that liquid.
You feel weakened.
You feel dopey.
You feel clumsy.
* * * LOW HITPOINT WARNING * * *
You feel sick. The gnoll closely misses you.
You feel very mighty all of a sudden.
* * * LOW HITPOINT WARNING * * *
You feel sick.
You barely miss the gnoll.
The gnoll is severely wounded.
* * * LOW HITPOINT WARNING * * *
You feel sick.
The gnoll hits you with a +2 heavy spear!
You die...
Fedhas appreciates your contribution to the ecosystem.

###.....# #.#.....##
##...####.#.##.#.##
##.........#.###.#
#).#.####.#.....#
#######..#.# #.......#
...........# ##......#
#########..# #.†....#
#.[# #.)....# #..#
#@.###.# #..# #g)# #.#
#########..#####..###.#
..........gg.l........#
####.####l#############
#)# #......# #.#
######g# ####b#### #.#
#....g..# #.#


You could see a gnoll.

Vanquished Creatures
  3 gnolls (D:2)
  An adder (D:2)
  4 dart slugs
  3 ball pythons
  8 bats
  4 endoplasms
  A giant cockroach (D:2)
  3 goblins
  3 hobgoblins (D:1)
  8 jackals (D:2)
  3 frilled lizards
  6 kobolds
  3 rats
50 creatures vanquished.

Notes
Turn   | Place    | Note
-------+----------+-------------------------------------------
     0 | D:1      | KennySheep the Hill Orc Fighter began the quest for the
                  | Orb.
     0 | D:1      | Reached XP level 1. HP: 19/19 MP: 1/1
    45 | D:1      | Reached skill level 3 in Axes
   105 | D:1      | Reached XP level 2. HP: 24/27 MP: 2/2
   501 | D:1      | Reached skill level 4 in Axes
   501 | D:1      | Reached XP level 3. HP: 33/33 MP: 3/3
   871 | D:2      | Found a blossoming altar of Fedhas.
   881 | D:2      | Became a worshipper of Fedhas Madash
   924 | D:2      | Reached skill level 5 in Axes
   929 | D:2      | Reached XP level 4. HP: 32/40 MP: 4/4
  1168 | D:2      | Reached skill level 1 in Invocations
  1257 | D:2      | Mangled by a gnoll

Illustrated notes

Levels and vault maps discovered:
D:1:      matt_arrival_grand_opening, layout_basic
D:2:      layout_loops_ring, basic_altar

Skill      XL: |  1  2  3  4 |
---------------+-------------+-----
Axes           | 3 4 5 |  5.6
Invocations    | 1 |  1.5
Fighting       | |  3.7
Armour         | |  3.4
Shields        | |  3.4

Action                   |  1- 3 |  4- 6 || total
-------------------------+-------+-------++-------
Melee: War axe           |   103 |    28 ||   131
  Use: Potion            |       |     2 ||     2
Armor: Scale mail        |    64 |    26 ||    90
Dodge: Dodged            |    59 |    19 ||    78
Block: Buckler           |    38 |    18 ||    56

Table legend: (Time is in decaauts)
 A = Elapsed time spent in this place.
 B = Non-inter-level travel time spent in this place.
 C = Inter-level travel time spent in this place.
 D = Time resting spent in this place.
 E = Time spent auto-exploring this place.
 F = Levels seen in this place.
 G = Mean time per level.
                   A        B        C        D        E       F      G
               +--------+--------+--------+--------+--------+-----+--------+
         Total |   1300 |   1251 |     49 |      0 |    857 |   2 |  650.0 |
       Dungeon |   1300 |   1251 |     49 |      0 |    857 |   2 |  650.0 |
               +--------+--------+--------+--------+--------+-----+--------+

Top non-repeatable levels by time:
     D:1: 711 daAuts
     D:2: 588 daAuts
